 Dungeon Crawl Stone Soup version 0.26.1-11-gd32895ea62 (webtiles) character file.

Game seed: 4513950700204325033

112 Zeld the Poker (level 4, -3/35 HPs)
             Began as a Merfolk Monk on May 27, 2021.
             Slain by a leopard gecko (5 damage)
             ... on level 3 of the Dungeon.
             The game lasted 00:04:35 (3613 turns).

Zeld the Poker (Merfolk Monk)                       Turns: 3613, Time: 00:04:36

Health: -3/35      AC:  2    Str: 12    XL:     4   Next: 93%
Magic:  4/4        EV: 14    Int:  9    God:
Gold:   92         SH:  0    Dex: 16    Spells: 3/3 levels left

rFire    . . .     SeeInvis .   a - +0 spear
rCold    . . .     Faith    .   (no shield)
rNeg     . . .     Spirit   .   b - +0 robe
rPois    .         Reflect  .   (no helmet)
rElec    .         Harm     .   (no cloak)
rCorr    .         Rampage  .   (no gloves)
Will     .....                  (no boots)
Stlth    ++........             (no amulet)
HPRegen  0.11/turn              (no ring)
MPRegen  0.09/turn              (no ring)

@: no status effects
A: change form in water, swift swim, stealthy swim
a: no special abilities


You were on level 3 of the Dungeon.
You visited 1 branch of the dungeon, and saw 3 of its levels.

You collected 92 gold pieces.

Inventory:

Hand Weapons
 a - a +0 spear (weapon)
Missiles
 o - 12 poisoned darts (quivered)
Armour
 b - a +0 robe (worn)
Jewellery
 h - an uncursed ring of stealth {unknown}
Scrolls
 c - 3 scrolls of identify {unknown}
 d - 2 scrolls of teleportation {unknown}
 e - 2 scrolls of fear {unknown}
 f - 2 scrolls of enchant weapon {unknown}
 g - a scroll of random uselessness {unknown}
 k - 2 scrolls of remove curse {unknown}
 l - a scroll of enchant armour {unknown}
 n - 2 scrolls of amnesia {unknown}
Potions
 i - a potion of invisibility {unknown}
 j - 2 potions of curing {unknown}
 m - 2 potions of haste {unknown}
 p - a potion of flight {unknown}
 q - a potion of heal wounds {unknown}


   Skills:
 - Level 3.2 Fighting
 * Level 7.9 Polearms
 - Level 4.0 Dodging
 - Level 2.1 Stealth


You had 3 spell levels left.
You didn't know any spells.
Your spell library was empty.

Dungeon Overview and Level Annotations

Branches:
Dungeon (3/15)

Altars:
Makhleb
Qazlal
Xom
The Shining One


Message History

The orc wizard begins to cast a cantrip, but forgets the words!
The leopard gecko barely misses you.
The orc wizard begins to cast a cantrip, but forgets the words!
The orc wizard is no longer moving quickly.
The leopard gecko closely misses you.
The orc wizard gestures wildly while chanting.
The orc wizard seems to speed up.
The leopard gecko bites you but does no damage.
The orc wizard closely misses you. The leopard gecko bites you.
The leopard gecko bites you.
* * * LOW HITPOINT WARNING * * *
The orc wizard hits you from afar with a +0 spear.
* * * LOW HITPOINT WARNING * * *
The leopard gecko bites you but does no damage.
There is an escape hatch in the floor here.
The leopard gecko closely misses you.
The orc wizard hits you from afar with a +0 spear.
* * * LOW HITPOINT WARNING * * *
The leopard gecko bites you.
You die...

#.#......#.# ..
#.>......# .
#.####.### #.# #.#
#.# #.# #.# #.#
##.## #.#
#...###.######
#.).ol@......#
#..o###.####.#
###########.## #.#
#.# #...........#
#.# #.#
#.#########.# #.#
#.# #.# #o# #.# #.#
#.# #.# #.# #.# #.#
#o# #.# #.#
##.#########.####.#
#.#


You could see an orc wizard (fast), an orc and a leopard gecko.

Vanquished Creatures
  A gnoll (D:1)
  3 adders
  2 worms (D:2)
  A dart slug (D:1)
  A leopard gecko (D:1)
  2 orcs (D:3)
  9 giant cockroaches
  2 goblins
  8 hobgoblins
  6 jackals
  5 kobolds
  7 bats
  8 frilled lizards
  6 rats
61 creatures vanquished.

Vanquished Creatures (others)
  2 plants (D:2)
2 creatures vanquished.

Grand Total: 63 creatures vanquished

Notes
Turn   | Place    | Note
-------+----------+-------------------------------------------
     0 | D:1      | Zeld the Merfolk Monk began the quest for the Orb.
     0 | D:1      | Reached XP level 1. HP: 18/18 MP: 1/1
   169 | D:1      | Reached skill level 5 in Polearms
   169 | D:1      | Reached XP level 2. HP: 19/24 MP: 2/2
   416 | D:1      | Reached skill level 6 in Polearms
   416 | D:1      | Reached XP level 3. HP: 10/29 MP: 3/3
  1696 | D:2      | Reached skill level 7 in Polearms
  1696 | D:2      | Reached XP level 4. HP: 23/35 MP: 4/4
  2116 | D:2      | Found a burning altar of Makhleb.
  2125 | D:2      | Found a stormy altar of Qazlal.
  2635 | D:2      | Found a glowing golden altar of the Shining One.
  2796 | D:2      | Found a shimmering altar of Xom.
  3483 | D:3      | Found a faded altar of an unknown god.
  3613 | D:3      | Slain by a leopard gecko

Illustrated notes

Levels and vault maps discovered:
D:1:      minmay_arrival_diagonal_passages, layout_basic
D:2:      layout_loops_ring, lemuel_coloured_pillars_altar, tso_oasis_becter,
          grunt_temple_overflow_open, serial_rivers,
          chequers_serial_rivers_micro_a, chequers_serial_rivers_room_b,
          chequers_serial_rivers_micro_c, chequers_serial_rivers_micro_b,
          chequers_serial_rivers_marsh
D:3:      layout_loops_ring, nemelex_xobeh_ov_fountains_minmay,
          chequers_ecumenical_altar_island, uniq_terence

Skill      XL: |  1  2  3 |
---------------+----------+-----
Polearms       | 5 6 7 |  7.9
Fighting       | |  3.2
Dodging        | |  4.0
Stealth        | |  2.1

Action                   |  1- 3 |  4- 6 || total
-------------------------+-------+-------++-------
Melee: Spear             |   150 |   160 ||   310
       Tailslap          |       |     2 ||     2
 Stab: Sleeping          |     2 |     6 ||     8
Armor: Robe              |    14 |    23 ||    37
Dodge: Dodged            |    87 |    70 ||   157
